AoeStats
← DKing

Arena

509732612Analyzed
4v4 RM · 5d ago on Sep 27, 2026· 45m 5s· 8 players
Game mode
Random Map
Map size
Large (8 player)
Population
200
Speed
Normal
Resources
Standard
Victory
Conquest
Starting age
Dark Age
Ending age
Imperial Age
RankedLock teamsTeams togetherTeam positionsShared explorationLock speedFull tech treeHidden civsTurbo modeCheats
Victory
Defeat
🇮🇳 Spanish · India
1326
+14
🇵🇹 Goths · Portugal
1280
+16
🇳🇱 Varangians · Netherlands
1278
+16
🇧🇬 Danes · Bulgaria
1270
+17
1308
-17
🇷🇺 Persians · Russia
1301
-16
🇧🇷 Varangians · Brazil
1285
-16
🇨🇿 Vietnamese · Czechia
1246
-14
Theurarthur
11:14 Feudal Age
15:05 Castle Age
14:02 Double-Bit Axe
14:08 Horse Collar
16:29 Loom
23:23 Forging
26:16 Heavy Plow
26:29 Bow Saw
26:11 Gold Mining
26:16 Stone Mining
26:29 Fletching
30:37 Imperial Age
29:00 Scale Barding Armor
29:46 Wheelbarrow
30:05 Chain Barding Armor
30:53 Iron Casting
32:57 Elite Varangian Guard
33:52 Scale Mail Armor
34:52 Blast Furnace
33:16 Pikeman
34:48 Stone Shaft Mining
35:30 Chain Mail Armor
35:57 Squires
35:42 Gambesons
37:48 Conscription
40:12 Hand Cart
39:42 Town Watch
40:49 Plate Mail Armor
41:41 Bodkin Arrow
43:02 Elite Skirmisher
43:12 Gothikon
44:22 Padded Archer Armor
45:37 Leather Archer Armor
TIKI TIKI SAVE ME OMG TIKI
9:40 Feudal Age
10:22 Double-Bit Axe
14:42 Castle Age
12:52 Horse Collar
15:25 Heavy Plow
16:06 Bow Saw
16:55 Scale Mail Armor
20:06 Chain Mail Armor
22:10 Forging
22:08 Squires
21:47 Pikeman
35:16 Man-at-Arms
35:42 Gambesons
36:42 Iron Casting
36:19 Long Swordsman
39:02 Gold Mining
39:30 Loom
40:27 Wheelbarrow
39:23 Hamask
41:05 Arson
41:15 Arson
45:23 Imperial Age
DKing
10:53 Feudal Age
14:29 Castle Age
13:23 Double-Bit Axe
13:51 Horse Collar
21:46 Bow Saw
21:32 Loom
23:34 Wheelbarrow
24:53 Heavy Plow
26:53 Forging
26:44 Scale Mail Armor
27:43 Hand Cart
30:06 Imperial Age
28:46 Iron Casting
28:49 Chain Mail Armor
28:52 Town Watch
29:18 Squires
28:39 Pikeman
28:40 Man-at-Arms
30:20 Anarchy
30:34 Gold Mining
31:25 Conscription
31:08 Halberdier
33:29 Blast Furnace
33:39 Chemistry
33:57 Perfusion
33:45 Long Swordsman
34:56 Ballistics
34:32 Murder Holes
34:18 Treadmill Crane
34:49 Masonry
34:41 Two-Handed Swordsman
35:13 Champion
37:16 Two-Man Saw
36:47 Crop Rotation
36:09 Fletching
42:57 Elite Huskarl
^_^
11:10 Feudal Age
15:26 Castle Age
13:31 Horse Collar
13:56 Double-Bit Axe
17:00 Bow Saw
24:46 Gold Mining
26:26 Stone Mining
29:22 Imperial Age
26:38 Loom
27:30 Wheelbarrow
26:40 Town Watch
28:02 Stone Shaft Mining
28:13 Forging
28:08 Scale Barding Armor
29:35 Iron Casting
29:13 Husbandry
29:23 Bloodlines
29:35 Hand Cart
30:26 Chain Barding Armor
29:40 Cavalier
30:43 Conscription
32:02 Blast Furnace
31:44 Paladin
33:23 Plate Barding Armor
33:34 Ballistics
34:15 Chemistry
36:25 Fletching
37:11 Light Cavalry
38:15 Bodkin Arrow
38:20 Padded Archer Armor
38:07 Hussar
38:39 Elite Skirmisher
39:25 Thumb Ring
39:59 Thumb Ring
40:16 Bracer
40:31 Leather Archer Armor
40:16 Scale Mail Armor
45:40 Chain Mail Armor
45:55 Ring Archer Armor
45:27 Caravan
45:57 Coinage
45:37 Guilds
[ ] LordKing
11:18 Feudal Age
12:01 Loom
15:05 Castle Age
12:54 Horse Collar
13:01 Double-Bit Axe
16:23 Bow Saw
25:40 Wheelbarrow
26:01 Heavy Plow
25:55 Gold Mining
25:56 Stone Mining
27:28 Hand Cart
29:10 Scale Barding Armor
29:16 Forging
28:57 Fletching
30:04 Bloodlines
29:55 Husbandry
32:41 Imperial Age
30:46 Chain Barding Armor
30:38 Masonry
30:09 Treadmill Crane
30:50 Ballistics
30:42 Fortified Wall
30:29 Light Cavalry
31:46 Iron Casting
31:07 Bodkin Arrow
32:00 Vendel Legacy
33:01 Cavalier
34:26 Plate Barding Armor
34:43 Squires
35:34 Scale Mail Armor
35:58 Elite Varangian Guard
36:55 Chain Mail Armor
37:40 Blast Furnace
39:09 Plate Mail Armor
40:07 Hussar
43:58 Bracer
Unlucky
10:54 Feudal Age
11:50 Double-Bit Axe
14:22 Castle Age
12:31 Horse Collar
18:07 Loom
19:53 Gold Mining
21:10 Stone Mining
22:29 Wheelbarrow
25:03 Bow Saw
28:01 Imperial Age
25:55 Fletching
27:06 Bodkin Arrow
27:19 Scale Barding Armor
28:02 Hand Cart
27:33 Town Watch
29:24 Chain Barding Armor
29:35 Conscription
29:29 Heavy Plow
31:21 Elite War Elephant
33:19 Plate Barding Armor
33:22 Citadels
35:27 Chemistry
36:11 Scale Mail Armor
36:11 Padded Archer Armor
38:12 Leather Archer Armor
[82AD] WindCraft
6:26 Loom
9:03 Feudal Age
14:30 Castle Age
13:38 Double-Bit Axe
19:24 Wheelbarrow
19:22 Horse Collar
20:53 Hand Cart
22:03 Gold Mining
22:06 Stone Mining
23:02 Crossbowman
26:11 Fletching
28:33 Bodkin Arrow
28:51 Man-at-Arms
30:03 Long Swordsman
31:10 Padded Archer Armor
32:49 Thumb Ring
35:02 Pikeman
36:17 Ballistics
GAMARÚS de CAGABANDÚRRIES
10:39 Feudal Age
14:31 Castle Age
12:50 Double-Bit Axe
12:59 Horse Collar
17:56 Bow Saw
18:08 Heavy Plow
20:08 Wheelbarrow
20:14 Loom
21:37 Gold Mining
22:23 Fletching
23:11 Forging
26:11 Hand Cart
29:14 Imperial Age
27:55 Ballistics
28:41 Scale Mail Armor
30:19 Conscription
29:24 Heavy Scorpion
30:03 Stone Mining
30:48 Gold Shaft Mining
31:07 Chain Mail Armor
31:27 Iron Casting
31:21 Gambesons
31:18 Pikeman
32:45 Furor Celtica
33:21 Plate Mail Armor
33:18 Siege Engineers
35:26 Chemistry
34:58 Halberdier
36:42 Blast Furnace
38:35 Fortified Wall
38:36 Masonry
43:04 Capped Ram
43:05 Onager
Connection lost

Rejoining the realm…

Still unreachable

The connection could not be restored.

Session expired

The server has moved on; the page needs a fresh start.